 Dungeon Crawl Stone Soup version 0.28-a0-1002-gf00fe891ef (webtiles) character file.

Game seed: 12827999340440474574

123 vineage the Skirmisher (level 5, -1/36 HPs)
             Began as a Gargoyle Fighter on Dec 6, 2021.
             Slain by an orc (3 damage)
             ... on level 3 of the Dungeon.
             The game lasted 00:01:55 (2031 turns).

vineage the Skirmisher (Gargoyle Fighter)           Turns: 2031, Time: 00:01:56

Health: -1/36      AC: 15    Str: 20    XL:     5   Next: 7%
Magic:  5/5        EV:  5    Int:  8    God:
Gold:   49         SH:  4    Dex: 11    Spells: 4/4 levels left

rFire   . . .      SeeInvis .   f - +0 whip
rCold   . . .      Faith    .   c - +0 buckler
rNeg    + . .      Spirit   .   j - +0 plate armour
rPois   ∞          Reflect  .   (no helmet)
rElec   +          Harm     .   (no cloak)
rCorr   .          Rampage  .   (no gloves)
Will    .....                   (no boots)
Stlth   ..........              h - amulet of the acrobat
HPRegen 0.12/turn               (no ring)
MPRegen 0.09/turn               (no ring)

@: no status effects
A: sickness immunity, AC +4, negative energy resistance 1, electricity
resistance, torment resistance 1, petrification resistance
a: no special abilities


You were on level 3 of the Dungeon.
You visited 1 branch of the dungeon, and saw 3 of its levels.

You collected 49 gold pieces.

Inventory:

Hand Weapons
 a - a +0 flail
 f - a +0 whip (weapon)
Armour
 c - a +0 buckler (worn)
 e - a +2 leather armour of fire resistance
 j - a +0 plate armour (worn)
Jewellery
 h - an amulet of the acrobat (around neck)
Potions
 g - a potion of mutation {unknown}
 i - a potion of cancellation {unknown}


   Skills:
 + Level 6.1 Fighting
 - Level 2.0 Maces & Flails
 - Level 3.2 Armour
 - Level 3.2 Shields


You had 4 spell levels left.
You didn't know any spells.
Your spell library contained the following spells:

 Spells                   Type           Power      Damage    Failure   Level
 Summon Guardian Golem    Hex/Summ       0%         N/A       100%        3
 Alistair's Intoxication  Tmut/Pois      0%         N/A       100%        5
 Borgnjor's Vile Clutch   Necr/Erth      0%         N/A       100%        5
 Eringya's Noxious Bog    Tmut/Pois      0%         N/A       100%        6
 Orb of Destruction       Conj           0%         N/A       100%        7
 Spellforged Servitor     Conj/Summ      0%         N/A       100%        7


Dungeon Overview and Level Annotations

Branches:
Dungeon (3/15)

Altars:


Innate Abilities, Weirdness & Mutations

You are immune to sickness and miasma.
Your stone body is resilient. (AC +4)
You are immune to poison.
You resist negative energy. (rN+)
You are resistant to electric shocks. (rElec)
You are resistant to unholy torment.
You are immune to petrification.


Message History

The orc priest miscasts a cantrip.
The orc hits you but does no damage.
You hit the orc priest but do no damage.
The orc priest is moderately wounded.
The orc priest hits you but does no damage.
The orc hits you with a +0 mace.
You hit the orc priest.
The orc priest is heavily wounded.
The orc priest hits you with a +0 dagger.
The orc completely misses you.
You are too injured to fight recklessly!
You are too injured to fight recklessly!
You are too injured to fight recklessly!
You are too injured to fight recklessly!
You are too injured to fight recklessly!
You are too injured to fight recklessly!
You are too injured to fight recklessly!
You are too injured to fight recklessly!
You hit the orc priest.
The orc priest is severely wounded.
The orc priest hits you with a +0 dagger.
You hit the orc priest.
The orc priest is almost dead.
You block the orc priest's attack.
You hit the orc priest.
You kill the orc priest!
Your Fighting skill increases to level 6!
You have reached level 5!
You hit the orc but do no damage. The orc hits you with a +0 mace.
* * * LOW HITPOINT WARNING * * *
You hit the orc but do no damage. The orc hits you with a +0 mace.
* * * LOW HITPOINT WARNING * * *
You barely miss the orc. The orc barely misses you.
You hit the orc.
The orc is moderately wounded.
You block the orc's attack.
You hit the orc but do no damage.
The orc is moderately wounded.
The orc hits you with a +0 mace.
You die...

#... #>.. ...
.. #. #)### #
#).o# #. ###o#
# #..###@#.#.#
#...<......#
#........##...
.............+
##.####...####
# ##..# ...#
####


You could see 2 orcs.

Vanquished Creatures
  An orc priest (D:3)
  Terence (D:2)
  3 adders (D:2)
  A worm (D:2)
  A dart slug (D:1)
  2 orcs (D:3)
  3 endoplasms (D:1)
  2 giant cockroaches (D:2)
  3 goblins
  A hobgoblin (D:2)
  6 kobolds
  A quokka (D:2)
  3 ball pythons
  2 bats
  4 frilled lizards (D:1)
  2 rats
36 creatures vanquished.

Notes
Turn   | Place    | Note
-------+----------+-------------------------------------------
     0 | D:1      | vineage the Gargoyle Fighter began the quest for the Orb.
     0 | D:1      | Reached XP level 1. HP: 14/14 MP: 1/1
   363 | D:1      | Reached XP level 2. HP: 20/20 MP: 2/2
   502 | D:1      | Reached skill level 4 in Fighting
  1016 | D:2      | Reached XP level 3. HP: 24/24 MP: 3/3
  1143 | D:2      | Noticed Terence
  1182 | D:2      | Killed Terence
  1183 | D:2      | Reached skill level 5 in Fighting
  1183 | D:2      | Reached XP level 4. HP: 10/31 MP: 4/4
  2027 | D:3      | Reached skill level 6 in Fighting
  2027 | D:3      | Reached XP level 5. HP: 12/36 MP: 5/5
  2031 | D:3      | Slain by an orc

Illustrated notes

Levels and vault maps discovered:
D:1:      mrwooster_arrival_statue_3, layout_rooms
D:2:      layout_loops_ring, uniq_terence
D:3:      layout_loops_corners, serial_shops, nicolae_shop_waterfront,
          nrook_mini_backslash, uniq_grinder

Skill      XL: |  1  2  3  4 |
---------------+-------------+-----
Fighting       | 4 5 6 |  6.1
Maces & Flails | |  2.0
Armour         | |  3.2
Shields        | |  3.2

Action                   |  1- 3 |  4- 6 || total
-------------------------+-------+-------++-------
Melee: Flail             |    11 |       ||    11
       Whip              |    86 |    94 ||   180
  Use: Potion            |     1 |       ||     1
Armor: Leather armour    |    20 |       ||    20
       Plate armour      |     7 |    61 ||    68
Dodge: Dodged            |    50 |    20 ||    70
Block: Buckler           |    18 |    19 ||    37

Table legend: (Time is in decaauts)
 A = Elapsed time spent in this place.
 B = Non-inter-level travel time spent in this place.
 C = Inter-level travel time spent in this place.
 D = Time resting spent in this place.
 E = Time spent auto-exploring this place.
 F = Levels seen in this place.
 G = Mean time per level.
                   A        B        C        D        E       F      G
               +--------+--------+--------+--------+--------+-----+--------+
         Total |   2035 |   1977 |     58 |      0 |   1610 |   3 |  678.3 |
       Dungeon |   2035 |   1977 |     58 |      0 |   1610 |   3 |  678.3 |
               +--------+--------+--------+--------+--------+-----+--------+

Top non-repeatable levels by time:
     D:2: 1024 daAuts
     D:1: 962 daAuts
     D:3: 49 daAuts
